 Dungeon Crawl Stone Soup version 0.29.1-12-g30fa7ad0bf (webtiles) character file.

Game seed: 9310056010993442128

1319 Oxelix the Thaumaturge (level 8, -6/41 HPs)
             Began as a Deep Elf Fire Elementalist on Jan 4, 2023.
             Was an Initiate of Sif Muna.
             Mangled by Oxelix's ghost (12 damage)
             ... on level 5 of the Dungeon.
             The game lasted 00:28:36 (5844 turns).

Oxelix the Thaumaturge (Deep Elf Fire Elementalist) Turns: 5844, Time: 00:28:37

Health: -6/41      AC:  4    Str:  5    XL:     8   Next: 33%
Magic:  8/22       EV: 13    Int: 23    God:    Sif Muna [......]
Gold:   259        SH:  0    Dex: 18    Spells: 13/23 levels left

rFire   + + .      SeeInvis .   I - +8 short sword of Indomitability {flame, rN++ rCorr Dex+3}
rCold   . . .      Faith    .   (no shield)
rNeg    + + .      Spirit   .   a - +0 robe
rPois   .          Reflect  .   (no helmet)
rElec   .          Harm     .   d - scarf {rC+ rF+}
rCorr   +          Rampage  .   u - +0 pair of gloves
Will    .....                   i - +0 pair of boots
Stlth   ++........              x - amulet of magic regeneration
HPRegen 0.13/turn               t - ring of fire
MPRegen 0.58/turn               (no ring)

@: no status effects
A: no striking features
a: Renounce Religion


You were on level 5 of the Dungeon.
You worshipped Sif Muna.
Sif Muna was noncommittal.
You visited 2 branches of the dungeon, and saw 6 of its levels.

You collected 259 gold pieces.

Inventory:

Hand Weapons
 y - a +4 dagger
 I - the +8 short sword of Indomitability (weapon) {flame, rN++ rCorr Dex+3}
   (You found it on level 5 of the Dungeon)

   It burns those it strikes, dealing additional fire damage.
   Dex:       It affects your dexterity (+3).
   rN:        It greatly protects you from negative energy.
   rCorr:     It protects you from acid and corrosion.
Armour
 a - a +0 robe (worn)
 d - a scarf of resistance (worn)
 i - a +0 pair of boots (worn)
 u - a +0 pair of gloves (worn)
 A - a +0 cloak
 H - a +3 ring mail of fire resistance
Jewellery
 t - a ring of fire (left hand)
 x - an amulet of magic regeneration (around neck)
Wands
 c - a wand of polymorph (4)
 v - a wand of paralysis (7)
 z - a wand of digging (6)
 G - a wand of mindburst (9)
Scrolls
 e - 2 scrolls of brand weapon {unknown}
 g - 6 scrolls of identify {unknown}
 h - 3 scrolls of teleportation {unknown}
 j - 2 scrolls of enchant weapon {unknown}
 k - a scroll of silence {unknown}
 l - a scroll of poison {unknown}
 q - a scroll of magic mapping {unknown}
 s - a scroll of enchant armour {unknown}
 E - a scroll of vulnerability {unknown}
Potions
 b - a potion of magic
 f - a potion of degeneration {unknown}
 m - 3 potions of attraction {unknown}
 n - 2 potions of heal wounds {unknown}
 o - a potion of mutation {unknown}
 p - 3 potions of resistance {unknown}
 r - 2 potions of curing {unknown}
 w - a potion of lignification {unknown}
 B - a potion of haste {unknown}
 C - a potion of invisibility {unknown}
 D - a potion of might {unknown}
 F - a potion of brilliance {unknown}


   Skills:
 - Level 2.4 Dodging
 - Level 2.4 Stealth
 + Level 8.2 Spellcasting
 + Level 6.3 Conjurations
 + Level 7.2 Fire Magic


You had 13 spell levels left.
You knew the following spells:

 Your Spells              Type           Power      Damage    Failure   Level
a - Foxfire               Conj/Fire      100%       2x1d9     1%          1
b - Scorch                Fire           100%       2d10      1%          2
c - Conjure Flame         Conj/Fire      57%        6-21      1%          3
d - Flame Wave            Conj/Fire      57%        2d14      4%          4

Your spell library contained the following spells:

 Spells                   Type           Power      Damage    Failure   Level
 Static Discharge         Conj/Air       24%        3-6/arc   2%          2
 Inner Flame              Hex/Fire       39%        N/A       4%          3
 Sticky Flame             Conj/Fire      57%        2d7       4%          4
 Beastly Appendage        Tmut           18%        N/A       7%          1
 Slow                     Hex            36%        N/A       7%          1
 Wereblood                Tmut           9%         N/A       11%         2
 Confusing Touch          Hex            9%         N/A       21%         3
 Spider Form              Tmut/Pois      9%         N/A       21%         3
 Vampiric Draining        Necr           9%         2d6       21%         3
 Dispel Undead            Necr           9%         3d8       56%         4
 Summon Lightning Spire   Summ/Air       9%         N/A       56%         4
 Storm Form               Tmut/Air       4%         N/A       100%        7
 Maxwell's Capacitive Co  Air            4%         ∞         100%        8


Dungeon Overview and Level Annotations

Branches:
Dungeon (5/15)             Temple (1/1) D:5

Altars:
Cheibriados
Fedhas
Kikubaaqudgha
Makhleb
Nemelex Xobeh
Okawaru
Qazlal
Ru
Sif Muna
Trog
Uskayaw
Wu Jian
Xom
Zin
The Shining One

Shops:
D:2 (

Annotations:
D:5 1 transporter, Oxelix's ghost, novice HOCA


Message History

The flame wave engulfs the water moccasin zombie!!
You destroy the water moccasin zombie!
Sif Muna accepts your kill.
The flame wave engulfs the bullfrog zombie!
The bullfrog zombie is almost destroyed.
The flame wave engulfs Oxelix's ghost but does no damage.
The bullfrog zombie barely misses you.
A wave of flame ripples out!
The flame wave engulfs Oxelix's ghost!
Oxelix's ghost is moderately damaged.
The flame wave engulfs the bullfrog zombie.
You destroy the bullfrog zombie!
Sif Muna accepts your kill.
The flame wave engulfs the mummy!
The mummy is burned terribly!
The mummy is severely damaged.
You finish channelling waves of flame.
Oxelix's ghost hits you! Oxelix's ghost burns you. Oxelix's ghost misses you.
Casting: Flame Wave (dangerous; 4% risk of failure)
Confirm with . or Enter, or press ? or * to list all spells.
Casting: Flame Wave (dangerous; 4% risk of failure)
Press: ? - help, Dir - look around, f - activate You feel a surge of power!
A wave of flame ripples out!
The flame wave engulfs Oxelix's ghost!
Oxelix's ghost is moderately damaged. (Press . to intensify the flame waves.) Oxelix's ghost hits you.
A wave of flame ripples out!
The flame wave engulfs Oxelix's ghost!
Oxelix's ghost is heavily damaged.
The flame wave engulfs the mummy!
The mummy is burned terribly!
You destroy the mummy!
Sif Muna accepts your kill. Oxelix's ghost hits you!
* * * LOW HITPOINT WARNING * * *
Oxelix's ghost burns you.
* * * LOW HITPOINT WARNING * * *
A wave of flame ripples out!
The flame wave engulfs Oxelix's ghost but does no damage.
Oxelix's ghost is heavily damaged.
You finish channelling waves of flame.
Oxelix's ghost hits you!
You die...

.......# #.................#.....
.......###.................#.####
#...........#############..#†#
......####..#...........#..#.#
##....####..#...........#..#.# ##
......#.....#..###.###..#..#.# #.
#.....#.....#..#8#.#8#..#..#.###.
#...###.....#..........$#..#.....
###.# #....©#...@W©....!#©.#####.
##.######.(#..........$#........
#..........#..#8#.#8#..#..#..###
#.#..####..#$.###.###..#..#...).
#.##.#.....#...........#..#.####
#.##...##..#©..........#........
#.###......#############....####
#......#....................#
######......................#


You could see Oxelix's ghost.

Vanquished Creatures
  A steam dragon (D:5)
  Edmund (D:5)
  Menkaure (D:5)
  Duvessa (D:4)
  A centaur (D:5)
  A phantom (D:5)
  2 necrophages (D:5)
  A water moccasin zombie (D:5)
  Dowan (D:4)
  A howler monkey (D:5)
  A bullfrog zombie (D:5)
  A centaur skeleton (D:5)
  2 hounds (D:5)
  An orc priest (D:3)
  An iguana (D:5)
  An orc wizard (D:5)
  A killer bee zombie (D:5)
  A mummy (D:5)
  A gnoll (D:5)
  5 adders
  A shadow imp (D:5)
  2 white imps (D:5)
  2 worms (D:3)
  5 dart slugs
  8 orcs
  3 ball pythons (D:3)
  10 endoplasms
  A giant cockroach (D:2)
  6 goblins
  9 hobgoblins
  8 jackals
  8 kobolds
  3 quokkas
  2 training dummies (D:4)
  6 bats
  A frilled lizard (D:2)
  6 rats
107 creatures vanquished.

Vanquished Creatures (others)
  3 black bears (D:5)
  A centaur (D:5)
  2 hounds (D:5)
  An iguana (D:5)
  An orc wizard (D:5)
  A shadow imp (D:5)
  A worm (D:5)
  192 foxfires
202 creatures vanquished.

Grand Total: 309 creatures vanquished

Notes
Turn   | Place    | Note
-------+----------+-------------------------------------------
     0 | D:1      | Oxelix the Deep Elf Fire Elementalist began the quest for
                  | the Orb.
     0 | D:1      | Reached XP level 1. HP: 10/10 MP: 6/6
   234 | D:1      | Reached XP level 2. HP: 15/15 MP: 6/8
   924 | D:2      | Learned a level 2 spell: Scorch
  1058 | D:2      | Reached XP level 3. HP: 19/19 MP: 6/10
  1260 | D:2      | Reached skill level 4 in Spellcasting
  1304 | D:2      | You fall into a shaft and drop 1 floor!
  1367 | D:3      | Found a faded altar of an unknown god.
  1503 | D:2      | Found Goahusko's Antique Weapon Boutique.
  1570 | D:2      | Learned a level 3 spell: Conjure Flame
  1849 | D:3      | Reached XP level 4. HP: 24/24 MP: 1/12
  2369 | D:3      | Found an ornate altar of the Wu Jian Council.
  2616 | D:3      | Found a glowing silver altar of Zin.
  2665 | D:3      | Reached XP level 5. HP: 28/28 MP: 9/14
  2941 | D:4      | Noticed Duvessa
  2941 | D:4      | Noticed Dowan
  2946 | D:4      | Killed Dowan
  2947 | D:4      | Reached skill level 5 in Spellcasting
  2950 | D:4      | Killed Duvessa
  2951 | D:4      | Reached skill level 5 in Fire Magic
  2951 | D:4      | Reached XP level 6. HP: 3/32 MP: 4/16
  3382 | D:4      | Learned a level 4 spell: Flame Wave
  3971 | D:5      | Entered Level 5 of the Dungeon
  3998 | D:5      | Reached skill level 6 in Spellcasting
  4290 | D:5      | Reached XP level 7. HP: 36/36 MP: 18/18
  4344 | D:5      | Found a transporter.
  4347 | D:5      | Found a transporter.
  4348 | D:5      | Noticed Oxelix's ghost (novice HOCA)
  4508 | D:5      | Noticed Edmund
  4521 | D:5      | Killed Edmund
  4522 | D:5      | Reached skill level 5 in Conjurations
  4785 | D:5      | Noticed a steam dragon
  4793 | D:5      | Killed a steam dragon
  4794 | D:5      | Reached skill level 7 in Spellcasting
  4946 | D:5      | Found a shimmering altar of Xom.
  5062 | D:5      | Noticed Menkaure
  5063 | D:5      | Found a staircase to the Ecumenical Temple.
  5066 | D:5      | Killed Menkaure
  5067 | D:5      | Reached XP level 8. HP: 41/41 MP: 19/21
  5077 | Temple   | Entered the Ecumenical Temple
  5180 | Temple   | Became a worshipper of Sif Muna the Loreminder
  5477 | D:5      | Identified the +8 short sword of Indomitability {flame,
                  | rN++ rCorr Dex+3}
  5589 | D:5      | Reached skill level 8 in Spellcasting
  5844 | D:5      | Mangled by Oxelix's ghost

Illustrated notes

Levels and vault maps discovered:
D:1:      scummos_arrival_simple_fountains, layout_rooms,
          chequers_serial_rivers_micro_e, nicolae_figureground_pulse
D:2:      layout_basic, serial_shops, nicolae_square_shop, chequers_jeans
D:3:      layout_rooms, mainiacjoe_overflow_surrounded_room, zin_scriptorium,
          nicolae_ecumenical_pavilion, kennysheep_generic_room_12
D:4:      dreamdust_elfheim, layout_basic
D:5:      layout_basic, xom_confusion_cloud, minmay_temple_entry_nine_rooms,
          gammafunk_ghost_mausoleum, roderic_serpentine_path,
          roderic_roman_lattice, uniq_edmund, uniq_menkaure
Temple:   nicolae_temple_ecumenical_triangle

Skill      XL: |  1  2  3  4  5  6  7  8 |
---------------+-------------------------+-----
Conjurations   | 2 3 4 5 6 |  6.3
Fire Magic     | 4 5 6 7 |  7.2
Spellcasting   | 4 5 6 7 8 |  8.2
Dodging        | |  2.4
Stealth        | |  2.4

Action                   |  1- 3 |  4- 6 |  7- 9 || total
-------------------------+-------+-------+-------++-------
Melee: Dagger            |    10 |    11 |     4 ||    25
 Cast: Foxfire           |    53 |    33 |    24 ||   110
       Scorch            |    16 |    23 |    15 ||    54
       Conjure Flame     |     1 |     3 |     2 ||     6
       Flame Wave        |       |     3 |     4 ||     7
 Stab: Sleeping          |       |     1 |       ||     1
Armor: Robe              |    10 |     5 |     4 ||    19
Dodge: Dodged            |    24 |    16 |    19 ||    59
